 Dungeon Crawl Stone Soup version 0.18.1-48-g4cf74bf (webtiles) character file.

98 meme the Firebug (level 4, -2/24 HPs)
             Began as a Deep Elf Fire Elementalist on July 9, 2016.
             Was a Follower of Elyvilon.
             Killed from afar by asdu's ghost (10 damage)
             ... with a puff of flame
             ... on level 3 of the Dungeon.
             The game lasted 00:20:44 (1401 turns).

meme the Firebug (Deep Elf Fire Elementalist)       Turns: 1401, Time: 00:20:45

Health: -2/24      AC:  3    Str:  6    XL:     4   Next: 43%
Magic:  2/12       EV: 13    Int: 20    God:    Elyvilon [*.....]
Gold:   123        SH:  0    Dex: 15    Spells: 4 memorised, 2 levels left

rFire  . . .     SeeInvis .     e - +0 whip
rCold  . . .     Gourm    .     a - +0 robe
rNeg   . . .     Faith    .     (no shield)
rPois  .         Spirit   .     h - +0 helmet
rElec  .         Dismiss  .     (no cloak)
rCorr  .         Reflect  .     (no gloves)
SustAt .         Harm     .     (no boots)
MR     .....                    (no amulet)
Stlth  ++........               (no ring)
                                (no ring)

@: not resistant to hostile enchantments, unstealthy
A: no striking features
a: Lesser Healing, Divine Protection, Renounce Religion


You were on level 3 of the Dungeon.
You worshipped Elyvilon.
Elyvilon was aware of your devotion.
You were not hungry.

You visited 1 branch of the dungeon, and saw 3 of its levels.

You collected 123 gold pieces.

Inventory:

Hand Weapons
 e - a +0 whip (weapon)
Armour
 a - a +0 robe (worn)
 h - a +0 helmet (worn)
 r - a +0 helmet
Scrolls
 d - a scroll of teleportation
 k - a scroll of recharging {unknown}
Potions
 n - a potion of lignification
Books
 b - a book of Flames

   Spells                             Type                      Level
   a - Flame Tongue                   Conjuration/Fire             1
   b - Throw Flame                    Conjuration/Fire             2
   c - Conjure Flame                  Conjuration/Fire             3
   d - Inner Flame                    Hexes/Fire                   3
   e - Sticky Flame                   Conjuration/Fire             4
   f - Fireball                       Conjuration/Fire             5
Comestibles
 c - a bread ration
 f - 4 fruits
 q - 3 chunks of flesh


   Skills:
 + Level 0.1 Fighting
 + Level 2.9 Dodging
 + Level 2.9 Stealth
 + Level 4.0 Spellcasting
 + Level 2.6 Conjurations
 + Level 4.1 Fire Magic


You had 2 spell levels left.
You knew the following spells:

 Your Spells              Type           Power        Failure   Level  Hunger
a - Flame Tongue          Conj/Fire      ###..        3%          1    None
b - Throw Flame           Conj/Fire      ###...       6%          2    #......
c - Conjure Flame         Conj/Fire      ###.....     12%         3    ###....
d - Inner Flame           Hex/Fire       ##......     17%         3    ###....


Dungeon Overview and Level Annotations

Branches:
Dungeon (3/15)

Altars:
Elyvilon

Annotations:
D:3 asdu's ghost, weakling DEFE


Message History

Confirm with . or Enter, or press ? or * to list all spells.
Aiming: Conjure Flame
Press: ? - help, Dir - move target cursor The fire roars!
You are feeling hungry.
Eat one of 4 chunks of flesh? (ye/n/q/i?) This raw flesh tastes terrible.
You continue eating. x2
There is a stone staircase leading up here.
Casting: Conjure Flame
Confirm with . or Enter, or press ? or * to list all spells.
You don't know that spell.
Casting: Conjure Flame
Confirm with . or Enter, or press ? or * to list all spells.
Aiming: Conjure Flame
Press: ? - help, Dir - move target cursor The fire roars!
Asdu's ghost points at you and mumbles some strange words.
The puff of flame hits you!
You die...

.########
........#
##@#############
#....ยง...W.....#
#..###########.#
#..# #.....#.#
#..# #.###.#.#
#..# #.# #.#.##
#..# #.# #..<.#
#..#####.#####.##
#..#...........#


You could see asdu's ghost.

Vanquished Creatures
  5 adders (D:2)
  An ooze (D:1)
  A dart slug (D:2)
  2 giant geckos
  6 bats
  A giant cockroach (D:2)
  6 goblins
  4 hobgoblins
  6 jackals (D:2)
  4 kobolds
  5 giant newts
  4 rats
45 creatures vanquished.

Notes
Turn   | Place    | Note
--------------------------------------------------------------
     0 | D:1      | meme the Deep Elf Fire Elementalist began the quest for the Orb.
     0 | D:1      | Reached XP level 1. HP: 10/10 MP: 6/6
    90 | D:1      | Reached XP level 2. HP: 15/15 MP: 5/8
    95 | D:1      | Learned a level 2 spell: Throw Flame
   606 | D:2      | Reached XP level 3. HP: 18/19 MP: 0/9
   640 | D:2      | Learned a level 3 spell: Conjure Flame
   804 | D:2      | Learned a level 3 spell: Inner Flame
  1085 | D:2      | Reached XP level 4. HP: 17/24 MP: 3/11
  1121 | D:2      | Found a faded altar to an unknown god.
  1132 | D:2      | Became a worshipper of Elyvilon the Healer
  1132 | D:2      | Reached * piety under Elyvilon
  1336 | D:3      | Noticed asdu's ghost (weakling DEFE)
  1401 | D:3      | Killed from afar by asdu's ghost

Skill      XL: |  1  2  3  4 |
---------------+-------------+-----
Fire Magic     | 4 |  4.1
Conjurations   | 2 |  2.6
Spellcasting   | 4 |  4.0
Fighting       | |  0.1
Dodging        | |  2.9
Stealth        | |  2.9

Action                   |  1- 3 |  4- 6 || total
-------------------------+-------+-------++-------
Melee: Whip              |    20 |     4 ||    24
 Cast: Flame Tongue      |    36 |     8 ||    44
       Throw Flame       |    26 |     6 ||    32
       Conjure Flame     |       |     3 ||     3
  Use: Potion            |     5 |       ||     5
       Scroll            |     3 |     2 ||     5
 Stab: Sleeping          |     1 |       ||     1
  Eat: Chunk             |     1 |     2 ||     3
Armor: Robe              |     6 |     2 ||     8
Dodge: Dodged            |    31 |     7 ||    38
